 Dungeon Sprint DCSS version 0.29.1-1-gd02db6906a (webtiles) character file.

Game seed: 5794389293282373430

5465 Arandomuser85 the Ninja (level 10, -5/73 HPs)
             Began as an Octopode Brigand on Oct 11, 2022.
             Was the Champion of Dithmenos.
             Slain by a demonic crawler (10 damage)
             ... in the Dungeon (Sprint I: "Red Sonja").
             The game lasted 00:05:48 (1090 turns).

Arandomuser85 the Ninja (Octopode Brigand)          Turns: 1090, Time: 00:05:48

Health: -5/73      AC:  1    Str: 10    XL:     10   Next: 69%
Magic:  19/19      EV: 19    Int: 13    God:    Dithmenos [******]
Gold:   394        SH:  0    Dex: 19    Spells: 9/9 levels left

rFire   + . .      SeeInvis .   e - +6 dagger (venom)
rCold   . . .      Faith    .   (no shield)
rNeg    . . .      Spirit   .   (helmet restricted)
rPois   .          Reflect  .   (no amulet)
rElec   .          Harm     .   f - ring of wizardry
rCorr   .          Rampage  .   d - ring of magical power
Will    .....      NoTele   +   i - ring of protection from fire Stlth *********+
                                (no ring)
HPRegen 0.22/turn               (no ring)
MPRegen 0.16/turn               (no ring)
                                (no ring)
                                (no ring)

@: wreathed by umbra
A: almost no armour, amphibious, 8 rings, camouflage 1, gelatinous body 1,
(nimble swimmer 1), tentacles
a: Renounce Religion, Shadow Step, Shadow Form


You were in the Dungeon.
You worshipped Dithmenos.
Dithmenos was exalted by your worship.
You visited 1 branch You collected 1440 gold pieces.
You spent 1046 gold pieces at shops.

Inventory:

Hand Weapons
 a - a +2 dagger
 e - a +6 dagger of venom (weapon)
Missiles
 b - 9 poisoned darts (quivered)
 c - 5 curare-tipped darts
 h - 3 silver javelins
Jewellery
 d - a ring of magical power (right tentacle)
 f - a ring of wizardry (left tentacle)
 i - a ring of protection from fire (on tentacle)
Wands
 j - a wand of roots (19)
 l - a wand of paralysis (2)
Scrolls
 n - 2 scrolls of identify
Potions
 g - 2 potions of magic
 k - a potion of lignification
 m - a potion of resistance


   Skills:
 * Level 8.8 Fighting
 * Level 8.9 Short Blades
 - Level 2.0 Throwing
 * Level 8.9 Dodging
 O Level 27 Stealth
 + Level 1.2 Evocations


You had 9 spell levels left.
You didn't know any spells.
Your spell library contained the following spells:

 Spells                   Type           Power      Damage    Failure   Level
 Blink                    Tloc           0%         N/A       19%         2
 Manifold Assault         Tloc           0%         N/A       96%         5
 Storm Form               Tmut/Air       0%         N/A       100%        7


Dungeon Overview and Level Annotations

Branches:
Dungeon (1/1)

Altars:
Cheibriados
Dithmenos
Elyvilon
Fedhas
Gozag
Hepliaklqana
Kikubaaqudgha
Makhleb
Nemelex Xobeh
Okawaru
Qazlal
Ru
Sif Muna
Trog
Uskayaw
Vehumet
Wu Jian
Xom
Yredelemnul
Zin
The Shining One
Jiyva
Lugonu

Shops:
D *[(*[!=([(*[:(*[*


Innate Abilities, Weirdness & Mutations

You cannot wear most types of armour.
You are amphibious.
You can wear up to eight rings at the same time.
Your skin changes colour to match your surroundings (Stealth+).
Your rubbery body absorbs attacks. (AC +1, EV +1)
((You are camouflaged when in or above water. (Stealth+)))
You have tentacles for arms and can constrict up to eight enemies at once.


Message History

You see here a +0 short sword.
You see here a +0 whip.
There is an open door here.
There is an open door here.
There is an open door here.
There is an open door here.
You open the door. 4 demonic crawlers come into view.
There is an open door here.
The helpless demonic crawler fails to defend itself.
You skewer the demonic crawler like a kebab!!!!!
You kill the demonic crawler!
Dithmenos accepts your kill.
Your Evocations skill increases to level 1!
Unknown command.
The helpless demonic crawler fails to defend itself.
You spit the demonic crawler like a pig!!!!!
You kill the demonic crawler!
Dithmenos accepts your kill.
Unknown command.
The demonic crawler gives a hideous shriek! x2
The demonic crawler hits you! The demonic crawler hits you. x2
The demonic crawler completely misses you.
The demonic crawler hits you! The demonic crawler hits you.
The demonic crawler barely misses you.
The demonic crawler completely misses you.
The demonic crawler hits you!
Aiming: Paralyse
Press: ? - help, Q - select action, (/) - cycle Shift-Dir - straight line, f - demonic crawler
Aim: a demonic crawler (umbra, chance to affect: 2%)
The demonic crawler resists with almost no effort.
The demonic crawler completely misses you. x2
The demonic crawler hits you.
* * * LOW HITPOINT WARNING * * *
The demonic crawler misses you. The demonic crawler hits you!
* * * LOW HITPOINT WARNING * * *
The demonic crawler hits you!
* * * LOW HITPOINT WARNING * * *
The demonic crawler hits you!
You die...

################
.)+..#__#..'..)#
..#..'..'..#...##+#
####'#__####)..'@s#
...#)####§§#####†s+
..##)#§~~.)#..##+##
#+#_.'§§§§§§..#
+..._#~~~.)#..#
#_.#+##+#####'###
##+#.#(...###.'.#
##.####'###.###.#
+...'..÷..'.∩##.#


You could see 2 demonic crawlers.

Vanquished Creatures
  2 centaur warriors (D)
  Sonja (D)
  A deep troll (D)
  An oklob plant (D)
  2 kobold demonologists (D)
  2 demonic crawlers (D)
  A hornet (D)
  A slime creature (D)
  Sigmund (D)
  A yak (D)
  2 redbacks (D)
  2 floating eyes (D)
  An ogre (D)
  7 necrophages (D)
  8 jellies (D)
  Ijyb (D)
34 creatures vanquished.

Vanquished Creatures (others)
  2 ballistomycete spores (D)
2 creatures vanquished.

Grand Total: 36 creatures vanquished

Notes
Turn   | Place    | Note
-------+----------+-------------------------------------------
     0 | D        | Arandomuser85 the Octopode Brigand began the quest for the
                  | Orb.
     0 | D        | Reached XP level 1. HP: 14/14 MP: 1/1
     2 | D        | Noticed Ijyb
     5 | D        | Killed Ijyb
     6 | D        | Reached skill level 8 in Stealth
     6 | D        | Reached XP level 2. HP: 20/20 MP: 2/2
     9 | D        | Noticed an ogre
    12 | D        | Killed an ogre
    13 | D        | Reached skill level 11 in Stealth
    13 | D        | Reached XP level 3. HP: 26/26 MP: 3/3
    13 | D        | Reached XP level 4. HP: 31/31 MP: 4/4
    25 | D        | Noticed Sigmund
    28 | D        | Killed Sigmund
    29 | D        | Reached skill level 15 in Stealth
    29 | D        | Reached XP level 5. HP: 38/38 MP: 5/5
    29 | D        | Reached XP level 6. HP: 44/44 MP: 6/6
    44 | D        | Found an ornate altar of the Wu Jian Council.
    44 | D        | Found a shimmering blue altar of Sif Muna.
    46 | D        | Found a radiant altar of Vehumet.
    83 | D        | Found Xoyz's Armour Emporium.
    83 | D        | Found an ancient bone altar of Kikubaaqudgha.
    83 | D        | Found a hazy altar of Hepliaklqana.
    83 | D        | Found a stormy altar of Qazlal.
    83 | D        | Found a hide-covered altar of Uskayaw.
    83 | D        | Found a blossoming altar of Fedhas.
    83 | D        | Found a bloodstained altar of Trog.
    83 | D        | Found an iron altar of Okawaru.
    83 | D        | Found a basalt altar of Yredelemnul.
    83 | D        | Found a glowing golden altar of the Shining One.
    83 | D        | Found a snail-covered altar of Cheibriados.
    83 | D        | Found a sacrificial altar of Ru.
    83 | D        | Found a glowing silver altar of Zin.
    83 | D        | Found a shadowy altar of Dithmenos.
    83 | D        | Found a white marble altar of Elyvilon.
    83 | D        | Noticed a yak
    84 | D        | Found an opulent altar of Gozag.
    85 | D        | Killed a yak
    86 | D        | Reached skill level 5 in Fighting
    86 | D        | Reached skill level 5 in Dodging
    86 | D        | Reached skill level 17 in Stealth
    86 | D        | Reached XP level 7. HP: 50/50 MP: 7/7
    86 | D        | Found a sparkling altar of Nemelex Xobeh.
    94 | D        | Became a worshipper of Dithmenos the Shadowed
   117 | D        | Found a burning altar of Makhleb.
   117 | D        | Found a viscous altar of Jiyva.
   117 | D        | Found a shimmering altar of Xom.
   117 | D        | Found a corrupted altar of Lugonu.
   117 | D        | Noticed a slime creature
   120 | D        | Killed a slime creature
   121 | D        | Reached skill level 5 in Short Blades
   121 | D        | Reached skill level 18 in Stealth
   161 | D        | Noticed a centaur warrior
   161 | D        | Noticed a centaur warrior
   167 | D        | Killed a centaur warrior
   168 | D        | Reached skill level 20 in Stealth
   168 | D        | Reached XP level 8. HP: 57/57 MP: 8/8
   168 | D        | Killed a centaur warrior
   168 | D        | Reached * piety under Dithmenos
   169 | D        | Reached skill level 22 in Stealth
   169 | D        | Reached XP level 9. HP: 63/63 MP: 9/9
   204 | D        | Noticed a deep troll
   217 | D        | Killed a deep troll
   218 | D        | Reached skill level 23 in Stealth
   229 | D        | Found Gumnul's Armour Emporium.
   403 | D        | Noticed Sonja
   406 | D        | Killed Sonja
   407 | D        | Reached skill level 24 in Stealth
   425 | D        | Found Naozax's General Store.
   597 | D        | Noticed a kobold demonologist
   598 | D        | Noticed a kobold demonologist
   600 | D        | Reached ** piety under Dithmenos
   602 | D        | Killed a kobold demonologist
   603 | D        | Reached skill level 25 in Stealth
   604 | D        | Killed a kobold demonologist
   605 | D        | Reached XP level 10. HP: 72/72 MP: 10/10
   640 | D        | Noticed an oklob plant
   642 | D        | Killed an oklob plant
   642 | D        | Reached *** piety under Dithmenos
   643 | D        | Reached skill level 26 in Stealth
   695 | D        | Found Wofax's Antique Weapon Boutique.
   695 | D        | Found Ishic's Assorted Antiques.
   695 | D        | Found Atukats's Assorted Antiques.
   697 | D        | Found Enynielu's Book Boutique.
   697 | D        | Found Lenec's Armour Shoppe.
   697 | D        | Found Volivvih's Assorted Antiques.
   697 | D        | Found Yttiny's Weapon Emporium.
   697 | D        | Found Wauroxuf's Antique Armour Boutique.
   697 | D        | Found Oter's Weapon Shoppe.
   697 | D        | Found Apochyss's Jewellery Shop.
   702 | D        | Reached **** piety under Dithmenos
   741 | D        | Found Optohaet's Distillery.
   741 | D        | Found Ceecaum's Antique Armour Boutique.
   741 | D        | Found Ciogala's General Store.
   741 | D        | Found Johut's Weapon Shop.
   749 | D        | Bought a +5 dagger of venom for 382 gold pieces
   762 | D        | Bought a potion of heal wounds for 70 gold pieces
   762 | D        | Bought a potion of heal wounds for 70 gold pieces
   772 | D        | Reached ***** piety under Dithmenos
   795 | D        | Bought a scroll labelled JAARUD TEOPP for 28 gold pieces
   795 | D        | Bought a scroll labelled YHOITH FILERI for 28 gold pieces
   798 | D        | Bought an encrusted golden ring for 130 gold pieces
   801 | D        | Bought a scroll labelled DOCHUI CODYES for 31 gold pieces
   801 | D        | Bought a scroll labelled YHOITH FILERI for 31 gold pieces
   809 | D        | Bought a scroll labelled LYJUQOUCUO for 26 gold pieces
   936 | D        | Reached skill level 27 in Stealth
   962 | D        | Bought a ring of protection from fire for 250 gold pieces
  1085 | D        | Noticed a demonic crawler
  1085 | D        | Noticed a demonic crawler
  1085 | D        | Noticed a demonic crawler
  1085 | D        | Noticed a demonic crawler
  1087 | D        | Killed a demonic crawler
  1087 | D        | Reached ****** piety under Dithmenos
  1088 | D        | Reached skill level 1 in Evocations
  1088 | D        | Killed a demonic crawler
  1090 | D        | Slain by a demonic crawler

Illustrated notes

Levels and vault maps discovered:
D:        dungeon_sprint_1 [red_sonja_temple_1, red_sonja_temple_small_1]

Skill      XL: |  1  2  3  4  5  6  7  8  9 10 |
---------------+-------------------------------+-----
Dodging        | 2 3 4 5 6 7 8 |  8.9
Stealth        | 8 11 15 17 20 22 25 27 | 27.0
Fighting       | 3 4 5 6 7 8 |  8.8
Short Blades   | 3 4 6 7 8 |  8.9
Evocations     | 1 |  1.2
Throwing       | |  2.0

Action                   |  1- 3 |  4- 6 |  7- 9 | 10-12 || total
-------------------------+-------+-------+-------+-------++-------
Melee: Dagger            |     2 |     3 |    18 |    86 ||   109
       Tentacles         |       |       |     3 |    23 ||    26
       Punch             |       |       |     2 |     3 ||     5
       Constrict         |       |       |       |     6 ||     6
Evoke: Wand              |       |       |       |     4 ||     4
  Use: Potion            |       |       |     1 |     9 ||    10
       Scroll            |       |       |       |     6 ||     6
 Stab: Sleeping          |     2 |     3 |     7 |    12 ||    24
       Paralysed         |       |       |       |     1 ||     1
Armor: Skin              |       |       |     1 |     1 ||     2
Dodge: Dodged            |       |       |    13 |    36 ||    49
